 Dungeon Crawl Stone Soup version 0.31.0-32-g396128a36d (webtiles) character file.

Game seed: 17491001030170764933

446 PaiMei the Purveyor of Pain (level 6, -2/46 HPs)
             Began as a Demonspawn Necromancer on Apr 11, 2024.
             Was an Initiate of Kikubaaqudgha.
             Slain by a kobold
             ... wielding a +0 club
              (3 damage)
             ... on level 5 of the Dungeon.
             The game lasted 00:07:15 (4562 turns).

PaiMei the Purveyor of Pain (DsNe)                  Turns: 4562, Time: 00:07:15

Health: -2/46      AC:  5    Str:  9    XL:     6   Next: 73%
Magic:  8/11       EV: 13    Int: 26    God:    Kikubaaqudgha [......]
Gold:   273        SH:  0    Dex: 13    Spells: 8/12 levels left

rFire   . . .        i - +1 dagger (venom)
rCold   . . .        (no shield)
rNeg    . . .        a - +0 robe
rPois   .            x - +0 helmet
rElec   .            (cloak unavailable)
rCorr   .            (no gloves)
SInv    .            (no boots)
Will    +....        q - amulet of magic regeneration
Stlth   ++           j - ring "Jugheih" {Will+ Int+3}
HPRegen 0.27/turn    p - +6 ring of intelligence
MPRegen 0.52/turn

%: no passive effects
@: lethally poisoned (-2 -> -3), slowed, very slow
A: molten scales 1, powered by pain 1, weakness stinger 3
a: Renounce Religion


You were on level 5 of the Dungeon.
You worshipped Kikubaaqudgha.
Kikubaaqudgha was noncommittal.
You visited 2 branches of the dungeon, and saw 6 of its levels.

You collected 273 gold pieces.

Inventory:

Hand Weapons
 i - a +1 dagger of venom (weapon)
Missiles
 c - 4 poisoned darts (quivered)
Armour
 a - a +0 robe (worn)
 t - a +0 hat
 x - a +0 helmet (worn)
Jewellery
 j - the ring "Jugheih" (left hand) {Will+ Int+3}
   (You found it on level 2 of the Dungeon)

   [ring of willpower]

   Int+3:     It affects your intelligence (+3).
   Will+:     It increases your willpower.
 o - a ring of see invisible
 p - a +6 ring of intelligence (right hand)
 q - an amulet of magic regeneration (around neck)
Scrolls
 d - 8 scrolls of identify {unknown}
 f - a scroll of immolation {unknown}
 g - a scroll of revelation {unknown}
 h - a scroll of teleportation {unknown}
 k - a scroll of fear {unknown}
 m - a scroll of silence {unknown}
 r - a scroll of enchant weapon {unknown}
 u - a scroll of brand weapon {unknown}
 v - a scroll of butterflies {unknown}
Potions
 b - a potion of magic
 e - a potion of mutation {unknown}
 l - 5 potions of attraction {unknown}
 n - 3 potions of heal wounds {unknown}
 s - a potion of curing {unknown}
 w - a potion of brilliance {unknown}
 z - a potion of degeneration {unknown}


   Skills:
 + Level 2.9 Fighting
 + Level 3.6 Dodging
 - Level 2.1 Stealth
 + Level 3.7 Spellcasting
 + Level 5.8 Necromancy


You had 8 spell levels left.
You knew the following spells:

 Your Spells              Type           Power      Damage    Failure   Level
a - Necrotise             Necr           100%       1d9       1%          1
b - Vampiric Draining     Necr           35%        2d8       2%          3

Your spell library contained the following spells:

 Spells                   Type           Power      Damage    Failure   Level
 Sublimation of Blood     Necr           35%        N/A       1%          2
 Animate Dead             Necr           35%        N/A       8%          4
 Blink                    Tloc           8%         N/A       13%         2
 Call Imp                 Summ           8%         N/A       13%         2
 Lesser Beckoning         Tloc           8%         N/A       13%         2
 Momentum Strike          Conj/Tloc      8%         3d8       13%         2
 Curse of Agony           Necr           35%        N/A       22%         5
 Borgnjor's Vile Clutch   Necr/Erth      10%        N/A       58%         5
 Death Channel            Necr           17%        N/A       77%         6
 Summon Hydra             Summ           2%         N/A       100%        7


Dungeon Overview and Level Annotations

Branches:
Dungeon (5/15)             Temple (1/1) D:4

Altars:
Cheibriados
Fedhas
Kikubaaqudgha
Makhleb
Nemelex Xobeh
Ru
Sif Muna
Uskayaw
Vehumet
Xom

Annotations:
D:4 Menkaure


Innate Abilities, Weirdness & Mutations

You are partially covered in molten scales. (AC +2)
You sometimes gain a little power by taking damage.
You have a sharp stinger which inflicts weakening toxins.


Message History

The kobold brigand writhes in agony!
You feel very sick. The kobold brigand misses you.
Your kobold skeleton barely misses the orc.
An orc comes into view. It is wielding a +0 dagger.
The orc barely misses your kobold skeleton.
An orc comes into view. It is wielding a +0 short sword.
The kobold closely misses you.
You feel sick.
The kobold brigand throws a curare-tipped dart.
The curare-tipped dart closely misses you.
The kobold throws a stone.
The stone barely misses you.
Your kobold skeleton misses the kobold.
Your kobold skeleton hits the kobold brigand.
The kobold brigand barely misses your kobold skeleton.
An orc comes into view. It is wielding a +0 falchion.
You feel sick.
Your kobold skeleton completely misses the kobold brigand.
The kobold brigand hits your kobold skeleton with a +0 short sword!
Your kobold skeleton is destroyed!
The kobold barely misses you. The kobold closely misses you.
The orc hits you but does no damage. The kobold closely misses you.
The kobold brigand shouts!
Casting: Necrotise (safe; 1% risk of failure)
Confirm with . or Enter, or press ? or * to list all spells.
Aiming: Vampiric Draining (dangerous; 2% risk of failure)
Press: ? - help, Shift-Dir - straight line, f/p - kobold brigand
Aim: a kobold brigand, wielding a +0 short sword and quivering curare-tipped darts (heavily wounded)
You draw life force from the kobold brigand.
You feel life coursing into your body.
You feel sick.
The kobold brigand hits you with a +0 short sword.
* * * LOW HITPOINT WARNING * * *
The kobold barely misses you. The kobold closely misses you.
The kobold hits you with a +0 club.
* * * LOW HITPOINT WARNING * * *
The orc hits you but does no damage.
Your kobold skeleton misses the kobold.
The kobold brigand closely misses you. The kobold barely misses you. x2
The orc barely misses you. The kobold hits you with a +0 club.
You die...
Kikubaaqudgha rasps: "You have failed me!
Welcome... death!"

#... ##
####...##########..
.................
...............
##...........# #
#............# ..#
##....KKZ.....#.....
#......@K)).))......
#......oKo)...#.....
####### #.........o...#
..#
#.....####.........o...# #
.........................
..###..............(.o....
###
######...†.............
#.................
#...............


You could see a kobold brigand, an orc wizard, 4 orcs, 3 kobolds and a friendly
kobold skeleton.

Vanquished Creatures
  2 ogres
  A scorpion (D:4)
  A hound (D:4)
  An iguana (D:5)
  Robin (D:4)
  6 adders
  2 ribbon worms (D:4)
  3 orcs (D:4)
  5 bats
  5 endoplasms
  A giant cockroach (D:4)
  14 goblins
  8 hobgoblins
  3 jackals (D:1)
  7 kobolds
  3 quokkas
  4 ball pythons
  3 frilled lizards (D:1)
  6 rats
76 creatures vanquished.

Vanquished Creatures (collateral kills)
  2 adders
  2 dart slugs
  A ball python (D:2)
5 creatures vanquished.

Grand Total: 81 creatures vanquished

Notes
Turn   | Place    | Note
-------+----------+-------------------------------------------
     0 | D:1      | PaiMei the Demonspawn Necromancer began the quest for the
                  | Orb.
     0 | D:1      | Reached XP level 1. HP: 13/13 MP: 3/3
   324 | D:1      | Gained mutation: You sometimes gain a little power by
                  | taking damage. [demonic ancestry]
   324 | D:1      | Reached XP level 2. HP: 19/19 MP: 0/5
   616 | D:1      | Found a faded altar of an unknown god.
  1082 | D:2      | Gained mutation: You have a small tail. [demonic ancestry]
  1082 | D:2      | Reached XP level 3. HP: 18/24 MP: 3/6
  1086 | D:2      | Learned a level 3 spell: Vampiric Draining
  1153 | D:2      | Identified the ring "Jugheih" {Will+ Int+3}
  1313 | D:2      | Reached skill level 1 in Fighting
  1935 | D:3      | Gained mutation: You are partially covered in molten
                  | scales. (AC +2) [demonic ancestry]
  1935 | D:3      | Reached XP level 4. HP: 32/32 MP: 5/7
  2299 | D:3      | Noticed an ogre
  2455 | D:3      | Killed an ogre
  2456 | D:3      | Reached skill level 5 in Necromancy
  2456 | D:3      | Gained mutation: You have a tail ending in a sharp stinger.
                  | [demonic ancestry]
  2456 | D:3      | Reached XP level 5. HP: 38/38 MP: 0/9
  2949 | D:4      | Found a staircase to the Ecumenical Temple.
  2958 | Temple   | Entered the Ecumenical Temple
  2971 | Temple   | Became a worshipper of Kikubaaqudgha
  3325 | D:4      | Noticed Robin
  3368 | D:4      | Killed Robin
  3690 | D:4      | Gained mutation: You have a sharp stinger which inflicts
                  | weakening toxins. [demonic ancestry]
  3690 | D:4      | Reached XP level 6. HP: 38/46 MP: 9/11
  3867 | D:4      | Noticed Menkaure
  4443 | D:5      | Entered Level 5 of the Dungeon
  4562 | D:5      | HP: 1/46 [kobold/+0 club (3)]
  4562 | D:5      | Slain by a kobold

Illustrated notes

Levels and vault maps discovered:
D:1:      minmay_arrival_four_circles, layout_rooms, serial_forest,
          infiniplex_forest_corner_1, infiniplex_forest_straight_3,
          infiniplex_forest_lined_3_way, infiniplex_forest_lined_corner,
          infiniplex_forest_split, infiniplex_forest_clump_tiny,
          hellmonk_ecumenical_altar_lost_god, minmay_misc_feat_hallway
D:2:      layout_basic, minmay_crystal_water, nicolae_twisty_statue_hallways
D:3:      layout_basic, minmay_ogre_servants
D:4:      layout_basic, minmay_temple_entry_butterflies, uniq_menkaure,
          uniq_robin
D:5:      layout_layer_cave, chequers_temple_overflow_statue_of_worship,
          minmay_misc_feat_enclosed, minmay_misc_feat_iff,
          uniq_crazy_yiuf_cottage
Temple:   nicolae_temple_ecumenical_triangle

Skill      XL: |  1  2  3  4  5 |
---------------+----------------+-----
Stealth        | 2 |  2.1
Dodging        | 2 3 |  3.6
Fighting       | 1 2 |  2.9
Spellcasting   | 3 |  3.7
Necromancy     | 5 |  5.8

Action                     |  1- 3 |  4- 6 || total
---------------------------+-------+-------++-------
  Melee: Dagger            |    24 |    30 ||    54
         Tailslap          |     1 |     2 ||     3
   Cast: Necrotise         |    55 |    84 ||   139
         Vampiric Draining |       |     5 ||     5
 Armour: Robe              |    16 |    37 ||    53
  Dodge: Dodged            |    22 |    61 ||    83
